 Dungeon Crawl Stone Soup version 0.18-a0-1078-gebb93d0 (webtiles) character file.

182 dvd the Chiller (level 5, -1/31 HPs)
             Began as an Octopode Ice Elementalist on Jan 14, 2016.
             Slain by Grinder (9 damage)
             ... on level 2 of the Dungeon.
             The game lasted 00:14:36 (4122 turns).

dvd the Chiller (Octopode Ice Elementalist)         Turns: 4122, Time: 00:14:36

Health: -1/31      AC:  1    Str:  7    XL:     5   Next: 62%
Magic:  3/10       EV: 12    Int: 22    God:
Gold:   82         SH:  0    Dex: 13    Spells: 3 memorised, 4 levels left

rFire  . . .     SeeInvis .     d - -1 dagger (curse)
rCold  . . .     Gourm    .     (no shield)
rNeg   . . .     Faith    .     (helmet restricted)
rPois  .         Spirit   .     (no amulet)
rElec  .         Dismiss  .     c - +4 ring of intelligence
rCorr  .         Reflect  .     m - ring of protection from magic
SustAt .         Harm     .     (no ring)
MR     +....                    (no ring)
Stlth  ++++......               (no ring)
                                (no ring)
                                (no ring)
                                (no ring)

@: somewhat resistant to hostile enchantments, stealthy
A: almost no armour, amphibious, 8 rings, constrict 8, camouflage 1, gelatinous
body 1
a: no special abilities


You were on level 2 of the Dungeon.
You were not hungry.

You visited 1 branch of the dungeon, and saw 3 of its levels.

You collected 82 gold pieces.

Inventory:

Hand Weapons
 d - a cursed -1 dagger (weapon)
 e - a +0 short sword
 g - a cursed +0 dagger
 i - a +0 dagger
 k - a +0 short sword
 o - a +1 whip of flaming
 r - a +3 dagger
 z - a +0 whip of holy wrath
Missiles
 p - 5 tomahawks (quivered)
Magical Staves
 y - an uncursed staff of earth {unknown}
Jewellery
 c - a +4 ring of intelligence (left tentacle)
 m - a ring of protection from magic (right tentacle)
Scrolls
 l - 3 scrolls of enchant armour
 q - 2 scrolls of identify
Potions
 h - 2 potions of mutation
 n - a potion of curing {unknown}
 s - a potion of heal wounds
 t - a potion of ambrosia {unknown}
 u - 2 potions of haste {unknown}
 w - a potion of invisibility {unknown}
 x - a potion of lignification {unknown}
Books
 a - a book of Frost

   Spells                             Type                      Level
   a - Freeze                         Ice                          1
   b - Throw Frost                    Conjuration/Ice              2
   c - Ozocubu's Armour               Charms/Ice                   3
   d - Throw Icicle                   Conjuration/Ice              4
   e - Summon Ice Beast               Ice/Summoning                4
   f - Condensation Shield            Ice                          4
Comestibles
 b - 3 bread rations
 f - 2 beef jerkies
 j - 6 meat rations
 v - 3 chunks of flesh


   Skills:
 + Level 0.2 Fighting
 + Level 2.5 Dodging
 + Level 4.1 Stealth
 + Level 3.4 Spellcasting
 + Level 1.0 Conjurations
 + Level 0.4 Charms
 + Level 4.2 Ice Magic


You had 4 spell levels left.
You knew the following spells:

 Your Spells              Type           Power        Failure   Level  Hunger
a - Freeze                Ice            ###.         1%          1    None
b - Throw Frost           Conj/Ice       ###...       10%         2    ##.....
c - Ozocubu's Armour      Chrm/Ice       ##......     14%         3    ###....


Dungeon Overview and Level Annotations

Branches:
Dungeon (3/15)

Altars:
Okawaru
Vehumet

Annotations:
D:2 Grinder


Innate Abilities, Weirdness & Mutations

You cannot wear most types of armour.
You are amphibious.
You can wear up to eight rings at the same time.
You can use your tentacles to constrict eight enemies at once.
Your skin changes colour to match your surroundings (Stealth).
Your rubbery body absorbs attacks (AC +1).


Message History

Casting: Freeze
Confirm with . or Enter, or press ? or * to list all spells.
Aiming: Freeze
Press: ? - help, Shift-Dir - straight line, f/p - Grinder
Aim: Grinder (lightly wounded)
You freeze Grinder.
Grinder resists.
Grinder is lightly wounded.
Grinder gestures.
Grinder blinks!
You start resting.
Your icy armour evaporates.
You start resting.
Grinder gestures at you. Pain shoots through your body!
* * * LOW HITPOINT WARNING * * *
You barely miss Grinder. You grab Grinder.
You squeeze Grinder, but do no damage.
Grinder is lightly wounded.
You constrict Grinder. Grinder hits you!
You die...

.......##.#..#####.#
.......##......#...##
.......###.....#....#
.......###...######.#
.......#.........##<#
.............###.####
###.#.(#.#.#...#.#
#.#..#.###...#.#
###.####.......#@#
....####.....>.5.#
....#_≈#..########
....#.##..#
....#.'...#
....#.##..#
....#_≈#..#
....####..#
....###...#


You could see Grinder.

Vanquished Creatures
  Ijyb (D:1)
  3 gnolls (D:2)
  4 adders
  4 worms
  2 giant geckos
  2 giant cockroaches
  8 goblins
  9 hobgoblins
  6 jackals
  3 quokkas
  A ball python (D:3)
  9 bats
  6 giant newts
  11 kobolds
  10 rats
79 creatures vanquished.

Vanquished Creatures (others)
  A fungus (D:1)
1 creature vanquished.

Grand Total: 80 creatures vanquished

Notes
Turn   | Place    | Note
--------------------------------------------------------------
     0 | D:1      | dvd the Octopode Ice Elementalist began the quest for the Orb.
     0 | D:1      | Reached XP level 1. HP: 11/11 MP: 3/3
   415 | D:1      | Reached XP level 2. HP: 13/17 MP: 1/5
   428 | D:1      | Learned a level 2 spell: Throw Frost
  1180 | D:2      | Noticed Ijyb
  1591 | D:2      | Reached XP level 3. HP: 21/21 MP: 6/6
  1645 | D:2      | Learned a level 3 spell: Ozocubu's Armour
  1851 | D:1      | Killed Ijyb
  1851 | D:1      | Reached skill level 4 in Stealth
  1851 | D:1      | Reached XP level 4. HP: 3/27 MP: 0/8
  2770 | D:2      | Reached XP level 5. HP: 24/31 MP: 1/9
  3012 | D:2      | Found an iron altar of Okawaru.
  3012 | D:2      | Found a radiant altar of Vehumet.
  4085 | D:3      | Noticed Grinder
  4122 | D:2      | Slain by Grinder

Vault maps used:
D:1:      dpeg_cavernosity
D:2:      gammafunk_temple_overflow_elements, amalloy_card_club, uniq_iyjb
D:3:      amethyst_overflow_temple_binary, uniq_grinder, uniq_terence

Action                   |  1- 3 |  4- 6 || total
-------------------------+-------+-------++-------
Melee: Dagger            |    34 |    60 ||    94
       Unarmed           |     2 |       ||     2
 Cast: Freeze            |    36 |    65 ||   101
       Throw Frost       |     6 |     7 ||    13
       Ozocubu's Armour  |     3 |    12 ||    15
  Use: Scroll            |     3 |     1 ||     4
 Stab: Sleeping          |     8 |     3 ||    11
  Eat: Chunk             |     3 |     9 ||    12
